 Dungeon Crawl Stone Soup version 0.20.0-6-gd3061e9 (webtiles) character file.

352 MTVSty1e the Skirmisher (level 6, -6/76 HPs)
             Began as a Formicid Summoner on May 28, 2017.
             Mangled by an ogre
             ... wielding a +0 giant spiked club
              (7 damage)
             ... on level 4 of the Dungeon.
             The game lasted 00:08:51 (4630 turns).

MTVSty1e the Skirmisher (Formicid Summoner)         Turns: 4630, Time: 00:08:52

Health: -6/76      AC: 23    Str: 15    XL:     6   Next: 94%
Magic:  9/9        EV:  2    Int: 16    God:
Gold:   153        SH:  3    Dex: 11    Spells: 8/9 levels left

rFire    . . .     SeeInvis .   s - +2 hand axe (flame)
rCold    . . .     Gourm    .   j - +0 buckler
rNeg     + + +     Faith    .   (armour currently unavailable)
rPois    +         Spirit   .   (helmet unavailable)
rElec    .         Reflect  .   (cloak currently unavailable)
rCorr    .         Harm     .   (gloves currently unavailable)
MR       .....                  (boots currently unavailable)
Stlth    ++........             (no amulet)
Regen    0.3/turn               k - +2 ring of intelligence
MPRegen  0.2/turn               (no ring)

@: tree-form
A: permanent stasis, dig shafts and tunnels, four strong arms
a: no special abilities


You were on level 4 of the Dungeon.
You were not hungry.
You were a tree.
You visited 1 branch of the dungeon, and saw 4 of its levels.

You collected 153 gold pieces.

Inventory:

Hand Weapons
 a - a +1 hand axe of venom
 s - a +2 hand axe of flaming (weapon)
Armour
 j - a +0 buckler (worn)
 q - a +0 chain mail (melded)
Jewellery
 k - a +2 ring of intelligence (left branch)
Scrolls
 c - a scroll of remove curse {unknown}
 e - a scroll of fog {unknown}
 h - 2 scrolls of blinking {unknown}
 i - a scroll of enchant armour {unknown}
 l - a scroll of identify
 m - 2 scrolls of teleportation {unknown}
 n - a scroll of amnesia {unknown}
 t - 2 scrolls of noise {unknown}
Potions
 d - a potion of brilliance
 g - a potion of flight
 o - a potion of haste
 p - a potion of lignification
 r - 3 potions of curing
Books
 b - a book of Callings

   Spells                             Type                      Level
   a - Summon Small Mammal            Summoning                    1
   b - Call Imp                       Summoning                    2
   c - Call Canine Familiar           Summoning                    3
   d - Summon Guardian Golem          Hexes/Summoning              3
   e - Summon Lightning Spire         Summoning/Air                4
   f - Summon Ice Beast               Ice/Summoning                4
Comestibles
 f - 2 royal jellies


   Skills:
 + Level 5.2 Fighting
 + Level 3.8 Axes
 - Level 1.7 Dodging
 - Level 2.4 Stealth
 - Level 1.0 Unarmed Combat
 - Level 2.1 Spellcasting
 - Level 4.0 Summonings


You had 8 spell levels left.
You knew the following spells:

 Your Spells              Type           Power        Failure   Level  Hunger
a - Summon Small Mammal   Summ           ##..         7%          1    #......


Dungeon Overview and Level Annotations

Branches:
Dungeon (4/15)
 Temple: D:4-7

Altars:
Fedhas
Kikubaaqudgha
Sif Muna

Annotations:
D:3 Terence


Innate Abilities, Weirdness & Mutations

You cannot be hasted, slowed, berserked, paralysed or teleported.
You can dig through walls and to a lower floor.
Your four strong arms can wield two-handed weapons with a shield.
((You have a pair of large antennae on your head. (SInv)))


Message History

You hit the ogre. You burn the ogre.
The ogre is moderately wounded.
The ogre hits you with a giant spiked club!
You hit the ogre. You burn the ogre.
The ogre is heavily wounded.
The ogre hits you with a giant spiked club!!
* * * LOW HITPOINT WARNING * * *
Your chain mail prevents you from hitting the ogre.
The ogre is heavily wounded.
You hit the ogre. You burn the ogre.
The ogre is severely wounded.
The ogre hits you with a giant spiked club!
* * * LOW HITPOINT WARNING * * *
It was a potion of lignification.
You turn into a tree.
Your +0 chain mail melds into your body.
Your roots penetrate the ground.
You block the ogre's attack.
You closely miss the ogre.
The ogre is severely wounded.
The ogre hits you with a giant spiked club!
You die...

#...>...........<......
#..O.#####.#....##.#.##.
#....#####.#.>.....#.#
#....#............#
####.####.###########
#.#..#....†.......
#s#..##...........
.#########O#..##)#########.
.........#♣#..##.#
.#######.#.#..##.#
..........#..##.#
#######†###.....#
#.####.#### #......#
########


You could see an ogre and a scorpion.

Vanquished Creatures
  A hound (D:4)
  3 orc priests
  An orc wizard (D:3)
  8 adders
  3 oozes
  3 worms
  3 dart slugs
  2 leopard geckos
  18 orcs
  4 bats
  4 giant cockroaches
  7 goblins
  8 hobgoblins
  4 jackals
  3 kobolds
  A quokka (D:3)
  7 frilled lizards
  7 rats
87 creatures vanquished.

Vanquished Creatures (collateral kills)
  A bat (D:1)
  A hobgoblin (D:1)
  2 jackals (D:1)
  3 kobolds (D:1)
  A goblin (D:1)
  2 rats (D:1)
10 creatures vanquished.

Grand Total: 97 creatures vanquished

Notes
Turn   | Place    | Note
-------+----------+-------------------------------------------
     0 | D:1      | MTVSty1e the Formicid Summoner began the quest for the Orb.
     0 | D:1      | Reached XP level 1. HP: 13/13 MP: 3/3
   250 | D:1      | Reached skill level 1 in Unarmed Combat
   250 | D:1      | Reached XP level 2. HP: 4/20 MP: 3/5
   517 | D:1      | Reached skill level 1 in Fighting
   696 | D:1      | HP: 1/21 [rat (3)]
  1310 | D:1      | HP: 1/22 [ooze (4)]
  1313 | D:1      | Reached skill level 2 in Fighting
  1334 | D:1      | Reached XP level 3. HP: 3/27 MP: 2/6
  1900 | D:2      | Found a blossoming altar of Fedhas.
  1959 | D:2      | Found a faded altar of an unknown god.
  1968 | D:2      | Reached skill level 1 in Axes
  1971 | D:2      | Reached XP level 4. HP: 20/34 MP: 7/7
  2524 | D:2      | Reached skill level 3 in Fighting
  2725 | D:2      | Reached XP level 5. HP: 19/41 MP: 8/8
  3222 | D:3      | Found a deep blue altar of Sif Muna.
  3225 | D:3      | Found an ancient bone altar of Kikubaaqudgha.
  3486 | D:3      | Reached skill level 4 in Fighting
  3501 | D:3      | Reached XP level 6. HP: 20/49 MP: 9/9
  3703 | D:3      | Found a blossoming altar of Fedhas.
  3722 | D:3      | Noticed Terence
  4180 | D:3      | Reached skill level 5 in Fighting
  4612 | D:4      | Noticed an ogre
  4628 | D:4      | HP: 1/51 [ogre/giant spiked club (13)]
  4630 | D:4      | Mangled by an ogre

Skill      XL: |  1  2  3  4  5  6 |
---------------+-------------------+-----
Unarmed Combat | 1 |  1.0
Fighting       | 2 3 4 5 |  5.2
Axes           | 1 2 3 |  3.8
Dodging        | |  1.7
Stealth        | |  2.4
Spellcasting   | |  2.1
Summonings     | |  4.0

Action                   |  1- 3 |  4- 6 || total
-------------------------+-------+-------++-------
Melee: Unarmed           |    16 |       ||    16
       Dagger            |    86 |       ||    86
       Punch             |     1 |     2 ||     3
       Hand axe          |    29 |   203 ||   232
 Cast: Summon Small Mamm |    21 |       ||    21
  Use: Scroll            |       |     4 ||     4
       Potion            |       |     1 ||     1
 Stab: Sleeping          |     3 |     1 ||     4
  Eat: Royal jelly       |     1 |       ||     1
       Bread ration      |     1 |       ||     1
       Meat ration       |       |     2 ||     2
Armor: Robe              |    23 |       ||    23
       Leather armour    |     8 |    14 ||    22
       Chain mail        |       |    81 ||    81
Dodge: Dodged            |   123 |    77 ||   200
Block: Buckler           |       |     9 ||     9
